 Dungeon Crawl Stone Soup version 0.30-a0-739-gea05faddec (webtiles) character file.

Game seed: 8139355093663094019

3034 hbarley the Cleaver (level 9, -6/79 HPs)
             Began as a Hill Orc Fighter on Feb 4, 2023.
             Killed from afar by an electric eel (12 damage)
             ... with a bolt of electricity
             ... on level 7 of the Dungeon.
             The game lasted 00:16:35 (6491 turns).

hbarley the Cleaver (Hill Orc Fighter)              Turns: 6491, Time: 00:16:36

Health: -6/79      AC: 12    Str: 24    XL:     9   Next: 86%
Magic:  9/9        EV: 11    Int:  8    God:
Gold:   492        SH:  6    Dex: 18    Spells: 8/8 levels left

rFire   . . .      SeeInvis .    a - +0 war axe
rCold   . . .      Faith    .    c - +0 buckler
rNeg    . . .      Spirit   .    o - +2 scale mail of Ru, Sharing {Str+3}
rPois   .          Reflect  .    C - +1 helmet
rElec   .          Harm     .    (no cloak)
rCorr   .          Rampage  .    (no gloves)
Will    .....                    (no boots)
Stlth   +                        (no amulet)
HPRegen 0.33/turn                p - +6 ring of dexterity
MPRegen 0.11/turn                (no ring)

@: no status effects
A: no striking features
a: no special abilities


You were on level 7 of the Dungeon.
You visited 2 branches of the dungeon, and saw 8 of its levels.
You also visited: Ossuary.

You collected 492 gold pieces.

Inventory:

Hand Weapons
 a - a +0 war axe (weapon)
Missiles
 s - 4 poisoned darts (quivered)
Armour
 b - a +0 scale mail
 c - a +0 buckler (worn)
 i - a +0 helmet
 o - the +2 scale mail of Ru, Sharing (worn) {Str+3}
   (You found it on level 3 of the Dungeon)

   Str:       It affects your strength (+3).
 C - a +1 helmet (worn)
Jewellery
 p - a +6 ring of dexterity (left hand)
Wands
 m - a wand of flame (55)
 n - a wand of roots (6)
 B - a wand of paralysis (7)
 G - a wand of polymorph (8)
 J - a wand of digging (3)
Scrolls
 f - 5 scrolls of identify
 j - a scroll of immolation {unknown}
 k - a scroll of brand weapon {unknown}
 l - 5 scrolls of enchant armour
 w - 2 scrolls of vulnerability {unknown}
 y - 2 scrolls of poison {unknown}
 z - a scroll of silence {unknown}
 A - 3 scrolls of torment {unknown}
 D - 5 scrolls of fear
 E - 2 scrolls of teleportation {unknown}
 H - 4 scrolls of summoning
 K - 3 scrolls of amnesia {unknown}
 L - a scroll of magic mapping {unknown}
Potions
 d - a potion of might
 e - 3 potions of berserk rage {unknown}
 g - 4 potions of curing {unknown}
 h - 3 potions of resistance {unknown}
 q - 3 potions of magic {unknown}
 r - 4 potions of haste
 t - 3 potions of attraction {unknown}
 u - 4 potions of cancellation {unknown}
 v - a potion of degeneration {unknown}
 x - a potion of lignification {unknown}
 F - 2 potions of brilliance {unknown}
 I - 2 potions of heal wounds


   Skills:
 + Level 7.1 Fighting
 + Level 12.2 Axes
 + Level 7.6 Armour
 + Level 2.4 Dodging
 + Level 1.3 Stealth
 + Level 5.2 Shields


You had 8 spell levels left.
You didn't know any spells.
Your spell library contained the following spells:

 Spells                   Type           Power      Damage    Failure   Level
 Apportation              Tloc           0%         N/A       77%         1
 Necrotise                Necr           0%         1d4       77%         1
 Summon Small Mammal      Summ           0%         N/A       77%         1
 Cigotuvi's Dreadful Rot  Necr/Pois/Air  0%         N/A       88%         2
 Poisonous Vapours        Pois/Air       0%         N/A       88%         2
 Dazzling Flash           Conj/Hex       0%         N/A       98%         3
 Mephitic Cloud           Conj/Pois/Air  0%         N/A       98%         3
 Ozocubu's Armour         Ice            0%         N/A       98%         3
 Iskenderun's Mystic Bla  Conj/Tloc      0%         2d3       100%        4
 Starburst                Conj/Fire      0%         6d3       100%        6
 Ozocubu's Refrigeration  Ice            0%         4d7       100%        7


Dungeon Overview and Level Annotations

Branches:
Dungeon (7/15)             Temple (1/1) D:7         Ossuary (visited)

Altars:
Ashenzari
Cheibriados
Dithmenos
Elyvilon
Fedhas
Gozag
Kikubaaqudgha
Makhleb
Okawaru
Qazlal
Ru
Sif Muna
Trog
Vehumet
Xom
Yredelemnul
Zin
The Shining One

Annotations:
D:3 1 runed translucent door, Crazy Yiuf


Message History

The electric eel shoots out a bolt of lightning at you!
The bolt of electricity hits you.
You slice the electric eel!!
You kill the electric eel!
You hit the shadow imp but do no damage.
The shadow imp hits you but does no damage.
The shadow imp attacks as you move away!
The shadow imp hits you.
You enter the shallow water.
Moving in this stuff is going to be slow.
You block the ogre's attack. The ogre attacks as you move away!
The ogre hits you with a +0 giant spiked club!!
* * * LOW HITPOINT WARNING * * *
A nearby plant withers and dies.
The electric eel shoots out a bolt of lightning at you!
The bolt of electricity hits you!
* * * LOW HITPOINT WARNING * * *
You slash the ogre!
The ogre is heavily wounded.
You closely miss the shadow imp. The shadow imp puffs mist at you.
The shadow imp splashes around in the water.
The ogre hits you with a +0 giant spiked club.
* * * LOW HITPOINT WARNING * * *
You slash the ogre!
The ogre is severely wounded.
You hit the shadow imp.
You kill the shadow imp!
You barely miss the ogre.
The ogre is severely wounded.
The ogre hits you with a +0 giant spiked club!
* * * LOW HITPOINT WARNING * * *
You slash the ogre!
You kill the ogre!
You hear a splash.
Your Fighting skill increases to level 7!
You see here a +0 giant spiked club.
The electric eel shoots out a bolt of lightning at you!
The bolt of electricity hits you!
You die...

###.##
~~≈~~~...~##
#.##
~P≈~~....~~# #.#
~~≈~~...~~~♣ #.#
P~≈~~~....~~♣
#.#
♣~P~≈~~....~~♣
#.#
♣~P~~~~S..P~♣
#.#
♣~~~~~~...~P♣♣
#######.##
♣~~~~P...@~P~♣
..........
~~~~~...~)~~♣
###.###.>.
♣P♣~~~...~~♣♣
####
#.#♣~...~~♣♣ #
#...♣♣..~♣♣ #
##......~♣ #
#.#....~~# #
#.####...... #
####.#########..


You could see an electric eel.

Vanquished Creatures
  Pikel (D:5)
  A steam dragon (D:6)
  Menkaure (D:7)
  Duvessa (D:6)
  A sky beast (D:6)
  2 ogres
  A lemure (D:5)
  A phantom (D:6)
  A kobold brigand (D:7)
  3 necrophages
  2 elf zombies (Ossuary)
  3 bullfrogs (D:7)
  3 scorpions
  Dowan (D:6)
  4 killer bees (D:7)
  3 howler monkeys (D:7)
  An electric eel (D:7)
  2 jellies (D:5)
  2 hounds
  2 gnoll boudas
  Jessica (D:3)
  Ijyb (D:3)
  Terence (D:3)
  5 iguanas
  2 orc wizards
  2 hound zombies (Ossuary)
  5 mummies
  5 gnolls
  8 adders
  A shadow imp (D:7)
  5 white imps
  2 ufetubi
  2 adder zombies (Ossuary)
  3 worms
  5 dart slugs
  18 orcs
  3 bats
  3 endoplasms
  7 giant cockroaches
  A goblin (D:2)
  4 hobgoblins
  10 jackals
  3 ball pythons
  A frilled lizard (D:2)
  A hobgoblin zombie (Ossuary)
  A jackal zombie (Ossuary)
  9 kobolds
  2 kobold zombies (Ossuary)
  An orc zombie (Ossuary)
  4 rats
  A rat zombie (Ossuary)
153 creatures vanquished.

Vanquished Creatures (others)
  A wizard (D:3)
  7 plants (D:7)
8 creatures vanquished.

Grand Total: 161 creatures vanquished

Notes
Turn   | Place    | Note
-------+----------+-------------------------------------------
     0 | D:1      | hbarley the Hill Orc Fighter began the quest for the Orb.
     0 | D:1      | Reached XP level 1. HP: 19/19 MP: 1/1
   320 | D:1      | Reached XP level 2. HP: 27/27 MP: 2/2
   802 | D:2      | Reached skill level 3 in Axes
   869 | D:2      | Reached XP level 3. HP: 29/33 MP: 3/3
  1371 | D:3      | Found a broken altar of Ashenzari.
  1375 | D:3      | Found a stormy altar of Qazlal.
  1387 | D:3      | Reached skill level 4 in Axes
  1392 | D:3      | Reached XP level 4. HP: 32/40 MP: 4/4
  1518 | D:3      | Found a runed translucent door.
  1519 | D:3      | Noticed Crazy Yiuf
  1570 | D:3      | Noticed Ijyb
  1572 | D:3      | Noticed Jessica
  1577 | D:3      | Killed Jessica
  1588 | D:3      | Killed Ijyb
  1589 | D:3      | Reached XP level 5. HP: 25/47 MP: 5/5
  1676 | D:3      | Identified the +2 scale mail of Ru, Sharing {Str+3}
  1697 | D:3      | Found a glowing silver altar of Zin.
  1831 | D:3      | Found a basalt altar of Yredelemnul.
  1955 | D:3      | Noticed Terence
  1964 | D:3      | Killed Terence
  1965 | D:3      | Reached skill level 5 in Axes
  2090 | D:3      | Found a bloodstained altar of Trog.
  2091 | D:3      | Noticed a wizard
  2096 | D:3      | Killed a wizard
  2502 | D:4      | Reached skill level 1 in Dodging
  2502 | D:4      | Reached XP level 6. HP: 35/53 MP: 6/6
  2514 | D:4      | Reached skill level 6 in Axes
  2777 | D:4      | Found a burning altar of Makhleb.
  2997 | D:4      | Found a radiant altar of Vehumet.
  2997 | D:4      | Found a shimmering blue altar of Sif Muna.
  3004 | D:4      | Found a faded altar of an unknown god.
  3006 | D:4      | Found a faded altar of an unknown god.
  3008 | D:4      | Found a glowing golden altar of the Shining One.
  3282 | D:5      | Entered Level 5 of the Dungeon
  3295 | D:5      | Reached skill level 7 in Axes
  3295 | D:5      | Reached XP level 7. HP: 43/60 MP: 7/7
  3399 | D:5      | Noticed Pikel
  3408 | D:5      | Killed Pikel
  3409 | D:5      | Reached skill level 5 in Fighting
  3409 | D:5      | Reached skill level 8 in Axes
  3409 | D:5      | Reached skill level 5 in Armour
  3409 | D:5      | Reached XP level 8. HP: 54/69 MP: 8/8
  3505 | D:5      | Reached skill level 9 in Axes
  3706 | D:5      | Reached skill level 1 in Stealth
  4246 | D:6      | Reached skill level 10 in Axes
  4457 | D:6      | Found a sand-covered staircase.
  4469 | Ossuary  | Entered an ossuary
  4488 | Ossuary  | Reached XP level 9. HP: 64/75 MP: 9/9
  4720 | D:6      | Reached skill level 11 in Axes
  4845 | D:6      | Noticed Duvessa
  4846 | D:6      | Noticed Dowan
  4853 | D:6      | Killed Duvessa
  4858 | D:6      | Killed Dowan
  5171 | D:6      | Found a blossoming altar of Fedhas.
  5620 | D:7      | Found a sacrificial altar of Ru.
  5664 | D:7      | Found a shadowy altar of Dithmenos.
  5717 | D:7      | Found a staircase to the Ecumenical Temple.
  5717 | D:7      | Noticed Menkaure
  5725 | D:7      | Killed Menkaure
  5726 | D:7      | Reached skill level 12 in Axes
  5726 | D:7      | Reached skill level 5 in Shields
  5863 | Temple   | Entered the Ecumenical Temple
  6491 | D:7      | Killed from afar by an electric eel

Illustrated notes

Levels and vault maps discovered:
D:1:      dpeg_arrival_long_road, layout_loops_cross, serial_glass,
          glass_columns_a, glass_columns_a, minivault_5
D:2:      layout_loops_ring
D:3:      layout_rooms, mainiacjoe_overflow_alcove_2,
          mainiacjoe_overflow_brackets, cheibrodos_ashenzari_chains,
          trog_wizard, amcnicky_altar_gilded, minmay_door_square, uniq_terence,
          uniq_crazy_yiuf_cottage, uniq_ijyb, uniq_jessica
D:4:      layout_loops_corners, makhleb_heckhound_becter,
          chequers_temple_overflow_minitemple, kennysheep_crisscross
D:5:      minmay_razor_zed, layout_rooms, uniq_pikel
D:6:      dreamdust_elfheim, layout_gridville, mainiacjoe_overflow_alcove_4,
          gup_ossuary_entry_pyramid, amethyst_killhole
D:7:      layout_loops_ring, mainiacjoe_overflow_six_doors_small,
          mainiacjoe_overflow_paths, minmay_temple_entry_glass,
          serial_bayou_ford_a, uniq_menkaure
Temple:   hellmonk_temple_beads

Skill      XL: |  1  2  3  4  5  6  7  8  9 |
---------------+----------------------------+-----
Axes           | 3 4 5 7 8 10 12 | 12.2
Fighting       | 4 5 7 |  7.1
Armour         | 4 5 6 7 |  7.6
Dodging        | 1 2 |  2.4
Shields        | 4 5 |  5.2
Stealth        | 1 |  1.3

Action                     |  1- 3 |  4- 6 |  7- 9 || total
---------------------------+-------+-------+-------++-------
  Melee: War axe           |    67 |   125 |   280 ||   472
  Evoke: Wand              |       |       |     1 ||     1
    Use: Potion            |       |       |     2 ||     2
         Scroll            |       |       |     4 ||     4
 Armour: Scale mail        |    24 |    73 |    94 ||   191
  Dodge: Dodged            |    29 |    61 |   123 ||   213
  Block: Buckler           |    14 |    32 |    86 ||   132

Table legend: (Time is in decaauts)
 A = Elapsed time spent in this place.
 B = Non-inter-level travel time spent in this place.
 C = Inter-level travel time spent in this place.
 D = Time resting spent in this place.
 E = Time spent auto-exploring this place.
 F = Levels seen in this place.
 G = Mean time per level.
                   A        B        C        D        E       F      G
               +--------+--------+--------+--------+--------+-----+--------+
         Total |   6549 |   6163 |    386 |     87 |   4996 |   9 |  727.7 |
       Dungeon |   6052 |   5868 |    184 |     87 |   4754 |   7 |  864.6 |
        Temple |    297 |     95 |    202 |      0 |     87 |   1 |  297.0 |
       Ossuary |    199 |    199 |      0 |      0 |    155 |   1 |  199.0 |
               +--------+--------+--------+--------+--------+-----+--------+

Top non-repeatable levels by time:
     D:4: 1121 daAuts
     D:6: 1070 daAuts
     D:5: 876 daAuts
     D:3: 821 daAuts
     D:7: 769 daAuts
     D:1: 734 daAuts
     D:2: 658 daAuts
  Temple: 297 daAuts
 Ossuary: 199 daAuts
